 Dungeon Crawl Stone Soup version 0.24.0-13-gcf9b3192b9 (webtiles) character file.

Game seed: 6235091882703396603, levelgen mode: deterministic

147 Gumption the Grave Robber (level 5, -8/35 HPs)
             Began as a Human Necromancer on Nov 9, 2019.
             Mangled by an ogre
             ... wielding a +0 giant club
              (12 damage)
             ... on level 4 of the Dungeon.
             The game lasted 00:22:17 (3892 turns).

Gumption the Grave Robber (Human Necromancer)       Turns: 3892, Time: 00:22:18

Health: -8/35      AC:  6    Str:  8    XL:     5   Next: 55%
Magic:  0/9        EV: 12    Int: 17    God:
Gold:   161        SH:  0    Dex: 13    Spells: 4/9 levels left

rFire    . . .     SeeInvis .   a - +0 spear
rCold    . . .     Gourm    .   (no shield)
rNeg     . . .     Faith    .   n - +0 leather armour
rPois    .         Spirit   .   c - +1 helmet
rElec    .         Reflect  .   j - +0 cloak (curse)
rCorr    .         Harm     .   (no gloves)
MR       .....                  (no boots)
Stlth    ++........             (no amulet)
HPRegen  0.11/turn              (no ring)
MPRegen  0.11/turn              (no ring)

@: no status effects
A: no striking features
a: no special abilities


You were on level 4 of the Dungeon.
You were hungry.

You visited 1 branch of the dungeon, and saw 4 of its levels.

You collected 161 gold pieces.

Inventory:

Hand Weapons
 a - a +0 spear (weapon)
 b - a +0 hunting sling
 s - a +0 quarterstaff of holy wrath
Missiles
 l - 75 stones (quivered)
Armour
 c - a +1 helmet (worn)
 j - a cursed +0 cloak (worn)
 n - a +0 leather armour (worn)
Jewellery
 m - an uncursed amulet of magic regeneration {unknown}
Scrolls
 d - a scroll of enchant armour
 i - a scroll of identify
 k - a scroll of teleportation {unknown}
 o - a scroll of fear {unknown}
 p - a scroll of random uselessness {unknown}
 q - a scroll of amnesia {unknown}
Potions
 f - a potion of haste
 g - a potion of resistance
 h - 2 potions of invisibility
Comestibles
 e - 9 rations
 r - 5 chunks of flesh


   Skills:
 + Level 3.1 Dodging
 - Level 2.0 Stealth
 + Level 2.9 Spellcasting
 * Level 5.3 Necromancy


You had 4 spell levels left.
You knew the following spells:

 Your Spells              Type           Power        Failure   Level  Hunger
a - Pain                  Necr           ###.         2%          1    None
b - Animate Skeleton      Necr           N/A          2%          1    None
c - Vampiric Draining     Necr           ###.......   9%          3    ###....

Your spell library contained the following spells:

 Spells                   Type           Power        Failure   Level  Hunger
 Regeneration             Chrm/Necr      ##........   26%         3    ###....
 Animate Dead             Necr           N/A          28%         4    ####...


Dungeon Overview and Level Annotations

Branches:
Dungeon (4/15)
 Temple: D:4-7

Altars:
Zin

Portals:
Sewer: D:4

Annotations:
D:2 Grinder


Message History

Casting: Pain (safe; 2% risk of failure)
Confirm with . or Enter, or press ? or * to list all spells.
Aiming: Pain (safe; 2% risk of failure)
Press: ? - help, Shift-Dir - straight line, f/p - ogre
Aim: an ogre, wielding a +0 giant club (moderately wounded, chance to defeat MR: 80%)
The ogre writhes in agony.
The ogre hits you with a +0 giant club!
* * * LOW HITPOINT WARNING * * *
Casting: Pain (safe; 2% risk of failure)
Confirm with . or Enter, or press ? or * to list all spells.
Aiming: Pain (safe; 2% risk of failure)
Press: ? - help, Shift-Dir - straight line, f/p - ogre
Aim: an ogre, wielding a +0 giant club (moderately wounded, chance to defeat MR: 80%)
The ogre writhes in agony.
The orc priest completely misses you.
Casting: Pain (safe; 2% risk of failure)
Confirm with . or Enter, or press ? or * to list all spells.
Aiming: Pain (safe; 2% risk of failure)
Press: ? - help, Shift-Dir - straight line, f/p - ogre
Aim: an ogre, wielding a +0 giant club (heavily wounded, chance to defeat MR: 80%)
The ogre writhes in agony!
The ogre hits you with a +0 giant club!
You die...

####.....≈≈≈........#....#
........≈≈≈≈≈.......#.....
.?......≈≈∩≈≈...##..#.....
.##.....≈≈≈≈≈...###.......
#......≈≈≈.....#........
#..........).........##
........................#
................#.........
##..##...@O...............
##.......o....###.#.#.#..
...###...)#### ######...
...........# ...
..#..#.#..## .. #[.#.#.<#
... #...## #.. ...##


You could see an ogre and an orc priest.

Vanquished Creatures
  A worker ant (D:3)
  3 adders (D:2)
  An ooze (D:3)
  A worm (D:4)
  2 dart slugs
  3 orcs
  2 ball pythons (D:4)
  8 giant cockroaches
  7 hobgoblins
  8 jackals
  5 kobolds
  A quokka (D:2)
  11 bats
  2 frilled lizards (D:2)
  6 goblins
  14 rats
75 creatures vanquished.

Vanquished Creatures (collateral kills)
  An ooze (D:2)
  A goblin (D:1)
  A hobgoblin (D:1)
  A rat (D:1)
4 creatures vanquished.

Grand Total: 79 creatures vanquished

Notes
Turn   | Place    | Note
-------+----------+-------------------------------------------
     0 | D:1      | Gumption the Human Necromancer began the quest for the Orb.
     0 | D:1      | Reached XP level 1. HP: 13/13 MP: 3/3
     3 | D:1      | Learned a level 1 spell: Animate Skeleton
   383 | D:1      | Reached XP level 2. HP: 19/19 MP: 3/5
  1180 | D:1      | Reached XP level 3. HP: 23/24 MP: 3/6
  1467 | D:2      | Learned a level 3 spell: Vampiric Draining
  1830 | D:2      | Reached XP level 4. HP: 28/30 MP: 3/7
  2275 | D:2      | Reached skill level 5 in Necromancy
  2475 | D:3      | Noticed Grinder
  2742 | D:2      | Paralysed by Grinder for 3 turns
  3004 | D:3      | Reached XP level 5. HP: 33/35 MP: 4/9
  3277 | D:3      | Found a glowing silver altar of Zin.
  3821 | D:4      | Found a glowing drain.
  3853 | D:4      | Noticed an ogre
  3892 | D:4      | Mangled by an ogre

Levels and vault maps discovered:
D:1:      kennysheep_arrival_forest, layout_loops_ring, minmay_distorted
D:2:      minmay_evil_eye, layout_basic
D:3:      layout_basic, lemuel_coloured_pillars_altar, first_ration,
          uniq_grinder
D:4:      layout_cave_pools, bloody_trog, portal_sewer_entry_a

Skill      XL: |  1  2  3  4  5 |
---------------+----------------+-----
Necromancy     | 5 |  5.3
Dodging        | 3 |  3.1
Stealth        | |  2.0
Spellcasting   | |  2.9

Action                   |  1- 3 |  4- 6 || total
-------------------------+-------+-------++-------
Melee: Spear             |     3 |     2 ||     5
 Fire: Hunting sling     |       |    44 ||    44
 Cast: Pain              |    57 |    76 ||   133
       Animate Skeleton  |    12 |     9 ||    21
  Use: Scroll            |       |     4 ||     4
  Eat: Chunk             |     4 |     6 ||    10
Armor: Robe              |     6 |       ||     6
       Leather armour    |       |    14 ||    14
Dodge: Dodged            |    16 |    29 ||    45
